 Dungeon Crawl Stone Soup version 0.30-a0-121-gb27577e5d9 (webtiles) character file.

Game seed: 10679225228023031415

324 Pooter the Chopper (level 6, -7/56 HPs)
             Began as a Minotaur Berserker on Sept 14, 2022.
             Was a Priest of Trog.
             Mangled by an iguana (8 damage)
             ... on level 4 of the Dungeon.
             The game lasted 00:13:16 (3668 turns).

Pooter the Chopper (Minotaur Berserker)             Turns: 3668, Time: 00:13:17

Health: -7/56      AC:  9    Str: 24    XL:     6   Next: 23%
Magic:  5/5        EV: 10    Int:  4    God:    Trog [***...]
Gold:   199        SH:  0    Dex:  9    Spells: 5/5 levels left

rFire   . . .      SeeInvis .    i - +4 quarterstaff (chaos)
rCold   . . .      Faith    .    (shield currently unavailable)
rNeg    . . .      Spirit   .    v - +0 scale mail
rPois   .          Reflect  .    (helmet restricted)
rElec   .          Harm     .    w - +2 cloak
rCorr   +          Rampage  .    (no gloves)
Will    .....                    (no boots)
Stlth   ..........               (no amulet)
HPRegen 0.18/turn                C - ring of resist corrosion
MPRegen 0.09/turn                (no ring)

@: no status effects
A: horns 2, retaliatory headbutt
a: Renounce Religion, Berserk, Trog's Hand


You were on level 4 of the Dungeon.
You worshipped Trog.
Trog was most pleased with you.
You visited 1 branch of the dungeon, and saw 4 of its levels.

You collected 199 gold pieces.

Inventory:

Hand Weapons
 a - the +3 spear of Uskayaw's Pride {vorpal, Dex+4}
   (You found it on level 4 of the Dungeon)

   It inflicts extra damage upon your enemies.
   Dex:       It affects your dexterity (+4).
 b - a +0 sling
   (You found it on level 1 of the Dungeon)
 c - a +0 war axe
   (You found it on level 4 of the Dungeon)
 i - a +4 quarterstaff of chaos (weapon)
   (You took it off Crazy Yiuf on level 2 of the Dungeon)
 o - a +0 hand axe
Missiles
 e - 2 throwing nets {!f}
 f - 7 poisoned darts
 Q - 32 stones (quivered)
Armour
 v - a +0 scale mail (worn)
   (You found it on level 3 of the Dungeon)
 w - a +2 cloak (worn)
   (You took it off Crazy Yiuf on level 2 of the Dungeon)
Jewellery
 d - a ring of fire
   (You found it on level 1 of the Dungeon)
 C - a ring of resist corrosion (left hand)
   (You found it on level 4 of the Dungeon)
Scrolls
 g - 2 scrolls of noise {!r}
 h - 2 scrolls of butterflies
 k - a scroll of summoning
 t - 3 scrolls of teleportation {@r4}
 u - 2 scrolls of magic mapping {unknown}
Potions
 j - 3 potions of lignification {unknown}
 m - a potion of brilliance {unknown}
 n - a potion of flight {unknown}
 p - a potion of invisibility {unknown}
 q - 2 potions of heal wounds {unknown}
 r - a potion of attraction {unknown}
 s - a potion of berserk rage {unknown}


   Skills:
 + Level 5.0 Fighting
 * Level 6.2 Axes
 * Level 3.7 Ranged Weapons
 - Level 2.4 Armour
 - Level 2.1 Dodging


You had 5 spell levels left.
You didn't know any spells.
Your spell library was empty.

Dungeon Overview and Level Annotations

Branches:
Dungeon (4/15)
 Temple: D:4-7

Altars:
Makhleb


Innate Abilities, Weirdness & Mutations

You have a pair of horns on your head.
You reflexively headbutt those who attack you in melee.


Message History

Found a stone staircase leading up.
Found a stone staircase leading down.
b - a +0 sling (weapon)
Found a scroll labelled ZUNOUS KUIWYUC.
An iguana and a black bear come into view.
The iguana hisses angrily.
The black bear growls angrily.
You feel agile.
a - the +3 spear of Uskayaw's Pride (weapon)
{vorpal, Dex+4} You hit the black bear.
You headbutt the black bear. The black bear completely misses you.
The black bear misses you.
The black bear claws you but does no damage.
You closely miss the black bear. The black bear misses you.
The black bear closely misses you. The black bear misses you.
You puncture the black bear! Your headbutt misses the black bear.
You closely miss the black bear. Your headbutt misses the black bear.
The black bear goes berserk!
A kobold comes into view. It is wielding a +0 short sword.
The kobold shouts!
You hit the black bear. You headbutt the black bear. The black bear bites you.
The black bear claws you but does no damage. x2
The black bear bites you. The black bear misses you.
The black bear claws you but does no damage.
You hit the black bear. Your headbutt misses the black bear.
The iguana bites you but does no damage.
The black bear bites you. The black bear barely misses you.
The black bear claws you.
You hit the black bear. The black bear barely misses you.
The black bear claws you but does no damage.
The black bear claws you. The iguana bites you!
You are too injured to fight recklessly!
Unknown command.
Your +4 quarterstaff of chaos is briefly surrounded by a scintillating aura of random colours.
i - a +4 quarterstaff of chaos (weapon)
The black bear bites you!
* * * LOW HITPOINT WARNING * * *
The black bear closely misses you. The black bear claws you.
* * * LOW HITPOINT WARNING * * *
The iguana bites you!
* * * LOW HITPOINT WARNING * * *
You closely miss the black bear. The black bear bites you.
* * * LOW HITPOINT WARNING * * *
The black bear claws you.
* * * LOW HITPOINT WARNING * * *
The black bear claws you but does no damage.
The black bear misses you. You furiously retaliate!
You headbutt the black bear!
You kill the black bear!
Trog accepts your kill. The iguana bites you!
You die...

..#.............+ ..
..#.............#
.#####..##..).### #
.##.##..##....####+###.#
..............#........
..............#......
######..###...##...# #
#..###...##...##?.#
#..........@l......
#...........K......
######.####..###.##
######..###.## ####
.............#
.............#
.............#
..........<..#
#..#..########


You could see an iguana and a kobold.

Vanquished Creatures
  A black bear (D:4)
  A scorpion (D:4)
  A jelly (D:4)
  Crazy Yiuf (D:2)
  7 adders
  3 gnolls (D:3)
  A dart slug (D:1)
  7 orcs (D:4)
  7 endoplasms
  2 giant cockroaches
  5 goblins
  6 hobgoblins
  10 jackals
  3 kobolds
  2 quokkas
  8 ball pythons
  14 bats
  A frilled lizard (D:3)
  5 rats
85 creatures vanquished.

Notes
Turn   | Place    | Note
-------+----------+-------------------------------------------
     0 | D:1      | Pooter the Minotaur Berserker began the quest for the Orb.
     0 | D:1      | Reached XP level 1. HP: 19/19 MP: 0/0
    86 | D:1      | Found a faded altar of an unknown god.
   114 | D:1      | Reached skill level 4 in Axes
   134 | D:1      | Reached XP level 2. HP: 27/27 MP: 1/1
   669 | D:1      | Reached ** piety under Trog
   739 | D:1      | Reached XP level 3. HP: 23/33 MP: 2/2
  1248 | D:2      | Reached skill level 1 in Ranged Weapons
  1560 | D:2      | Reached skill level 5 in Axes
  1560 | D:2      | Reached XP level 4. HP: 34/40 MP: 3/3
  1962 | D:2      | Found a runed translucent door.
  1963 | D:2      | Noticed Crazy Yiuf
  2116 | D:2      | Found a burning altar of Makhleb.
  2242 | D:2      | Killed Crazy Yiuf
  2450 | D:3      | Reached XP level 5. HP: 47/47 MP: 4/4
  2708 | D:3      | Found a burning altar of Makhleb.
  2980 | D:3      | Reached *** piety under Trog
  3362 | D:4      | Identified the +3 spear of Uskayaw's Pride {vorpal, Dex+4}
  3382 | D:4      | Reached skill level 6 in Axes
  3382 | D:4      | Reached XP level 6. HP: 49/55 MP: 5/5
  3456 | D:4      | Reached skill level 5 in Fighting
  3668 | D:4      | HP: 1/56 [black bear (2)]
  3668 | D:4      | Mangled by an iguana

Illustrated notes

Levels and vault maps discovered:
D:1:      amcnicky_arrival_wind_blow, layout_loops_corners,
          nicolae_ecumenical_snake_handling, minmay_heptomino_l4
D:2:      layout_loops_cross, basic_altar, chequers_serial_rivers_large_b,
          uniq_crazy_yiuf_cottage
D:3:      layout_basic, mainiacjoe_overflow_surrounded_room
D:4:      layout_gridville

Skill      XL: |  1  2  3  4  5  6 |
---------------+-------------------+-----
Axes           | 4 5 6 |  6.2
Fighting       | 4 5 |  5.0
Ranged Weapons | 1 2 3 |  3.7
Armour         | |  2.4
Dodging        | |  2.1

Action                   |  1- 3 |  4- 6 || total
-------------------------+-------+-------++-------
Melee: Hand axe          |    66 |    19 ||    85
       Headbutt          |     4 |     7 ||    11
       Punch             |     1 |       ||     1
       Quarterstaff      |       |    36 ||    36
       Spear             |       |    22 ||    22
 Fire: Sling             |    33 |    58 ||    91
Invok: Berserk           |     1 |     2 ||     3
       Trog's Hand       |       |     1 ||     1
  Use: Scroll            |     3 |     2 ||     5
Armor: Animal skin       |    21 |    18 ||    39
       Scale mail        |       |    21 ||    21
Dodge: Dodged            |    64 |    57 ||   121

Table legend: (Time is in decaauts)
 A = Elapsed time spent in this place.
 B = Non-inter-level travel time spent in this place.
 C = Inter-level travel time spent in this place.
 D = Time resting spent in this place.
 E = Time spent auto-exploring this place.
 F = Levels seen in this place.
 G = Mean time per level.
                   A        B        C        D        E       F      G
               +--------+--------+--------+--------+--------+-----+--------+
         Total |   3747 |   3635 |    112 |    204 |   2811 |   4 |  936.8 |
       Dungeon |   3747 |   3635 |    112 |    204 |   2811 |   4 |  936.8 |
               +--------+--------+--------+--------+--------+-----+--------+

Top non-repeatable levels by time:
     D:1: 1247 daAuts
     D:2: 1164 daAuts
     D:3: 878 daAuts
     D:4: 457 daAuts
